 Dungeon Crawl Stone Soup version 0.31-a0-675-g238779eb0a (webtiles) character file.

Game seed: 16635853612952184797

105 Zonian the Chiller (level 4, 0/30 HPs)
             Began as a Demonspawn Ice Elementalist on Sept 6, 2023.
             Succumbed to a gnoll's poison
             ... on level 2 of the Dungeon.
             The game lasted 00:03:52 (1504 turns).

Zonian the Chiller (Demonspawn Ice Elementalist)    Turns: 1504, Time: 00:03:53

Health: 0/30       AC:  6    Str:  8    XL:     4   Next: 54%
Magic:  0/8        EV: 12    Int: 19    God:
Gold:   132        SH:  0    Dex: 13    Spells: 4/8 levels left

rFire   . . .        g - +1 short sword
rCold   . . .        (no shield)
rNeg    . . .        a - +0 robe
rPois   .            j - +0 helmet
rElec   .            (no cloak)
rCorr   .            (no gloves)
SInv    .            (no boots)
Will    .....        k - amulet of guardian spirit
Stlth   ++           (no ring)
HPRegen 0.25/turn    (no ring)
MPRegen 0.11/turn

%: guardian spirit
@: lethally poisoned (0 -> -17)
A: molten scales 2, ignite blood 1
a: no special abilities


You were on level 2 of the Dungeon.
You visited 1 branch of the dungeon, and saw 2 of its levels.

You collected 132 gold pieces.

Inventory:

Hand Weapons
 g - a +1 short sword (weapon)
 i - a +0 hand axe
Missiles
 e - 11 javelins
Armour
 a - a +0 robe (worn)
 d - a +0 ring mail
 j - a +0 helmet (worn)
Jewellery
 k - an amulet of guardian spirit (around neck)
Talismans
 l - a flux talisman
Potions
 c - a potion of mutation


   Skills:
 + Level 2.6 Dodging
 + Level 2.7 Stealth
 + Level 2.8 Spellcasting
 + Level 4.1 Ice Magic


You had 4 spell levels left.
You knew the following spells:

 Your Spells              Type           Power      Damage    Failure   Level
a - Freeze                Ice            72%        1d8       2%          1
b - Frozen Ramparts       Ice            36%        1d6       9%          3

Your spell library contained the following spells:

 Spells                   Type           Power      Damage    Failure   Level
 Ozocubu's Armour         Ice            18%        N/A       9%          3
 Summon Ice Beast         Ice/Summ       10%        N/A       54%         4


Dungeon Overview and Level Annotations

Branches:
Dungeon (2/15)

Altars:


Innate Abilities, Weirdness & Mutations

You are mostly covered in molten scales. (AC +3)
Your demonic aura sometimes causes spilled blood to erupt in flames.


Message History

You hit the gnoll.
You kill the gnoll!
Unknown command.
You freeze the gnoll.
The gnoll is moderately wounded.
The gnoll hits you but does no damage.
You are poisoned.
You freeze the gnoll.
The gnoll is moderately wounded.
You feel sick. The gnoll misses you.
Unknown command.
You hit the gnoll but do no damage.
The gnoll is moderately wounded.
You feel sick. The gnoll barely misses you.
You hit the gnoll but do no damage.
The gnoll is moderately wounded.
You feel sick. The gnoll closely misses you.
Unknown command.
Okay, then.
You closely miss the gnoll.
The gnoll is moderately wounded.
You feel sick.
The gnoll hits you with a +1 whip of venom.
* * * LOW HITPOINT WARNING * * *
You are lethally poisoned!
Unknown command.
You hit the gnoll.
The gnoll is heavily wounded.
* * * LOW HITPOINT WARNING * * *
You feel very sick. The gnoll closely misses you.
You hit the gnoll.
The gnoll is almost dead.
* * * LOW HITPOINT WARNING * * *
You feel sick. The gnoll hits you but does no damage.
You are more poisoned.
Unknown command.
You hit the gnoll but do no damage.
The gnoll is almost dead.
You die...

.........................
..#......h...............
##########...##.........#
###....[....##...#
#......####..h...#
#.#....# ####.##
#.#....#### #.....†.#
#....##@# #......##g#
#########g#.####
#........... #.......#.#.
#g##.#..# .g. #.#.....
#.g ..#..### #g# ### .#


You could see 2 gnolls.

Vanquished Creatures
  Natasha (twice) (D:2)
  2 gnolls (D:2)
  2 ball pythons (D:1)
  3 endoplasms (D:1)
  2 giant cockroaches (D:1)
  4 hobgoblins
  4 quokkas (D:1)
  3 bats (D:1)
  4 frilled lizards (D:1)
  5 goblins (D:1)
  2 kobolds
  6 rats
39 creatures vanquished.

Notes
Turn   | Place    | Note
-------+----------+-------------------------------------------
     0 | D:1      | Zonian the Demonspawn Ice Elementalist began the quest for
                  | the Orb.
     0 | D:1      | Reached XP level 1. HP: 13/13 MP: 3/3
   215 | D:1      | Gained mutation: Your demonic aura sometimes causes spilled
                  | blood to erupt in flames. [demonic ancestry]
   215 | D:1      | Reached XP level 2. HP: 16/19 MP: 0/5
  1008 | D:1      | Gained mutation: You are partially covered in molten
                  | scales. (AC +2) [demonic ancestry]
  1008 | D:1      | Reached XP level 3. HP: 24/24 MP: 2/6
  1197 | D:1      | Learned a level 3 spell: Frozen Ramparts
  1404 | D:2      | Noticed Natasha
  1412 | D:2      | Killed Natasha
  1413 | D:2      | Reached skill level 4 in Ice Magic
  1425 | D:2      | Noticed Natasha
  1487 | D:2      | Killed Natasha
  1488 | D:2      | Gained mutation: You are mostly covered in molten scales.
                  | (AC +3) [demonic ancestry]
  1488 | D:2      | Reached XP level 4. HP: 20/30 MP: 2/8
  1504 | D:2      | Succumbed to a gnoll's poison

Illustrated notes

Levels and vault maps discovered:
D:1:      dpeg_arrival_arbitrary_b, layout_rooms, serial_co_window_serial,
          co_window_paths_b, co_window_paths_b, co_window_paths_b,
          co_window_corner_a, co_window_corner_a, co_window_of_opportunity_b,
          co_window_of_opportunity_c, co_window_2corner, co_window_corner_cb,
          glass_columns_a, dreamdust_wishing_well
D:2:      layout_loops_cross, serial_shops, shop, uniq_natasha

Skill      XL: |  1  2  3 |
---------------+----------+-----
Stealth        | 2 |  2.7
Dodging        | 2 |  2.6
Ice Magic      | 4 |  4.1
Spellcasting   | |  2.8

Action                     |  1- 3 |  4- 6 || total
---------------------------+-------+-------++-------
  Melee: Unarmed           |    37 |       ||    37
         Short sword       |    14 |     8 ||    22
   Cast: Freeze            |    54 |     8 ||    62
    Use: Scroll            |     2 |       ||     2
         Potion            |       |     1 ||     1
   Stab: Sleeping          |     1 |       ||     1
 Armour: Robe              |    46 |     7 ||    53
  Dodge: Dodged            |    53 |     6 ||    59

Table legend: (Time is in decaauts)
 A = Elapsed time spent in this place.
 B = Non-inter-level travel time spent in this place.
 C = Inter-level travel time spent in this place.
 D = Time resting spent in this place.
 E = Time spent auto-exploring this place.
 F = Levels seen in this place.
 G = Mean time per level.
                   A        B        C        D        E       F      G
               +--------+--------+--------+--------+--------+-----+--------+
         Total |   1503 |   1459 |     44 |     49 |   1046 |   2 |  751.5 |
       Dungeon |   1503 |   1459 |     44 |     49 |   1046 |   2 |  751.5 |
               +--------+--------+--------+--------+--------+-----+--------+

Top non-repeatable levels by time:
     D:1: 1215 daAuts
     D:2: 288 daAuts
